 Dungeon Crawl Stone Soup version 0.21.1-1-g345015f (webtiles) character file.

223 asishallab the Shield-Bearer (level 6, -3/48 HPs)
             Began as a Formicid Fighter on Mar 5, 2018.
             Slain by crasatator's ghost (8 damage)
             ... on level 3 of the Dungeon on Apr 28, 2018.
             The game lasted 00:05:25 (1837 turns).

asishallab the Shield-Bearer (Formicid Fighter)     Turns: 1837, Time: 00:05:27

Health: -3/48      AC:  9    Str: 21    XL:     6   Next: 20%
Magic:  6/6        EV:  6    Int:  7    God:
Gold:   30         SH: 10    Dex: 12    Spells: 5/5 levels left

rFire    + . .     SeeInvis +   a - +0 war axe
rCold    + . .     Gourm    .   c - +0 shield
rNeg     . . .     Faith    .   n - +0 chain mail
rPois    .         Spirit   .   (helmet unavailable)
rElec    .         Reflect  .   m - scarf {rC+ rF+}
rCorr    .         Harm     .   (no gloves)
MR       .....                  (no boots)
Stlth    ..........             (no amulet)
HPRegen  0.16/turn              (no ring)
MPRegen  0.10/turn              (no ring)

@: no status effects
A: permanent stasis, dig shafts and tunnels, four strong arms, antennae 3
a: Dig, Shaft Self


You were on level 3 of the Dungeon.
You were hungry.

You visited 1 branch of the dungeon, and saw 3 of its levels.

You collected 30 gold pieces.

Inventory:

Hand Weapons
 a - a +0 war axe (weapon)
 b - a +0 mace
Missiles
 i - 77 stones (quivered)
Armour
 c - a +0 shield (worn)
 m - a scarf of resistance (worn)
 n - a +0 chain mail (worn)
Jewellery
 v - an uncursed ring of stealth {unknown}
Scrolls
 e - 2 scrolls of noise {unknown}
 j - a scroll of blinking {unknown}
 k - 5 scrolls of identify {unknown}
 l - 2 scrolls of remove curse {unknown}
 p - 2 scrolls of fog {unknown}
 q - a scroll of immolation {unknown}
 s - a scroll of random uselessness {unknown}
 u - a scroll of fear {unknown}
 w - a scroll of magic mapping {unknown}
Potions
 d - a potion of might
 g - a potion of flight {unknown}
 h - 2 potions of lignification {unknown}
 t - a potion of cancellation {unknown}
 x - a potion of curing {unknown}
Books
 r - a book of Misfortune

   Spells                             Type                      Level
   a - Confusing Touch                Hexes                        1
   b - Confuse                        Hexes                        3
   c - Gell's Gravitas                Translocation                3
   d - Petrify                        Transmutation/Earth          4
   e - Metabolic Englaciation         Hexes/Ice                    5
   f - Yara's Violent Unravelling     Hexes/Transmutation          5
Comestibles
 f - 3 rations


   Skills:
 + Level 4.0 Fighting
 + Level 4.0 Axes
 + Level 0.8 Throwing
 + Level 4.2 Armour
 + Level 0.8 Dodging
 + Level 4.6 Shields


You had 5 spell levels left.
You didn't know any spells.

Dungeon Overview and Level Annotations

Branches:
Dungeon (3/15)

Altars:

Annotations:
D:3 crasatator's ghost, novice HOFi


Innate Abilities, Weirdness & Mutations

You cannot be hasted, slowed, berserked, paralysed or teleported.
You can dig through walls and to a lower floor.
Your four strong arms can wield two-handed weapons with a shield.
You have a pair of large antennae on your head. (SInv)


Message History

Your shield and chain mail prevent you from hitting crasatator's ghost.
Crasatator's ghost is moderately damaged.
Crasatator's ghost hits you.
You hit crasatator's ghost.
Crasatator's ghost is moderately damaged.
Crasatator's ghost hits you!
Your chain mail prevents you from hitting crasatator's ghost.
Crasatator's ghost is moderately damaged.
Crasatator's ghost hits you.
* * * LOW HITPOINT WARNING * * *
Crasatator's ghost hits you.
* * * LOW HITPOINT WARNING * * *
Are you sure you want to shaft yourself?
You are feeling hungry.
Crasatator's ghost wails, "You will never get the ORB!"
Crasatator's ghost hits you.
* * * LOW HITPOINT WARNING * * *
You begin to dig a shaft.
You continue digging a shaft.
Crasatator's ghost hits you!
You die...

#.# ######.# .. ..
..(# .....#.# .. ..#
...# .....#.#
.##.##... .....#.#
.......
.....#.####..#...(.#
.............+.....+
####.#.#######..)W.#
#.#<........[@..#
#.#.######......#
#.#.#...........#
#.#.+(.....######
####.###......#
.....# #).....#
.....###[.....#
..........#####
####......#


You could see crasatator's ghost.

Vanquished Creatures
  Sigmund (D:3)
  2 adders (D:2)
  2 worms (D:2)
  A dart slug (D:1)
  A leopard gecko (D:1)
  An orc (D:3)
  3 bats
  4 giant cockroaches
  A goblin (D:1)
  3 hobgoblins (D:1)
  9 jackals
  4 kobolds
  2 quokkas (D:2)
  7 frilled lizards
  4 rats
45 creatures vanquished.

Notes
Turn   | Place    | Note
-------+----------+-------------------------------------------
     0 | D:1      | asishallab the Formicid Fighter began the quest for the Orb.
     0 | D:1      | Reached XP level 1. HP: 18/18 MP: 1/1
    88 | D:1      | Reached XP level 2. HP: 22/24 MP: 2/2
   433 | D:1      | Reached XP level 3. HP: 29/29 MP: 3/3
  1266 | D:2      | Reached XP level 4. HP: 35/36 MP: 4/4
  1772 | D:3      | Noticed Sigmund
  1787 | D:3      | Killed Sigmund
  1787 | D:3      | Reached XP level 5. HP: 34/42 MP: 5/5
  1787 | D:3      | Reached XP level 6. HP: 39/48 MP: 6/6
  1823 | D:3      | Noticed crasatator's ghost (novice HOFi)
  1837 | D:3      | Slain by crasatator's ghost

Skill      XL: |  1  2  3  4 |
---------------+-------------+-----
Shields        | 4 |  4.6
Fighting       | 4 |  4.0
Axes           | 4 |  4.0
Armour         | 4 |  4.2
Throwing       | |  0.8
Dodging        | |  0.8

Action                   |  1- 3 |  4- 6 || total
-------------------------+-------+-------++-------
Melee: War axe           |   100 |    43 ||   143
Throw: Javelin           |     6 |     6 ||    12
       Stone             |     1 |     1 ||     2
 Abil: Shaft Self        |       |     1 ||     1
  Eat: Chunk             |     1 |     2 ||     3
Armor: Scale mail        |    23 |       ||    23
       Chain mail        |    47 |    19 ||    66
Dodge: Dodged            |    47 |     9 ||    56
Block: Shield            |    63 |    17 ||    80
